[Event "Polish Youth B18 Championship 2023"]
[Site "Jastrzebia Gora"]
[Date "2023.03.13"]
[Round "2.11"]
[White "Lis, Maksymilian"]
[Black "Chyzy, Jakub"]
[Result "0-1"]
[ECO "D38"]
[WhiteElo "1784"]
[BlackElo "2250"]
[Annotator "TA"]
[PlyCount "64"]
[EventDate "2023.03.11"]
[EventType "swiss"]
[EventCountry "POL"]
[SourceTitle "playchess.com"]
[Source "ChessBase"]
[SourceQuality "1"]
[TimeControl "40/5400+30:1800+30"]

1. d4 Nf6 2. Nf3 e6 3. c4 d5 4. Nc3 Bb4 5. Bd2 O-O 6. e3 b6 7. cxd5 exd5 8. Qa4 {[%emt 0:14:02] E51: Nimzo-Indian: Rubinstein: 4...0-0 5 Nf3 d5.} Bd6 {[%emt 0:09:08] [#]} 9. Bd3 $146 ({Predecessor:} 9. b4 c6 10. Bd3 Bb7 11. Rb1 Nbd7 12. O-O Re8 13. Qc2 Qe7 14. Ne2 Ne4 15. Be1 Ndf6 {0-1 Schuh,R (2026)-Sieber,F (2236) Oberliga Ost-A 1617 2016 (11.7)}) 9... a6 10. h3 {[%emt 0:02:30] Black has an edge.} Re8 11. O-O Bb7 12. Ne2 Nbd7 13. Bb4 c5 14. dxc5 bxc5 15. Ba5 Qe7 16. Bc3 $2 {[%emt 0:08:10] [#]} (16. Rfe1 $15) 16... d4 $1 $19 17. exd4 {[%emt 0:00:06] [#]} Bxf3 (17... Nb6 $1 $19 18. Qb3 c4 19. Bxc4 (19. Bxh7+ $2 Nxh7 20. Qxb6 Bxf3 $19) 19... Nxc4 20. Qxc4 Rac8) 18. gxf3 $17 Nd5 {[%emt 0:39:16] ...Qg5+ would be deadly.} 19. Bd2 {[%emt 0:11:03] Inhibits Qg5+.} Qe6 ({Black should try} 19... N7b6 $17 20. Qb3 c4 21. Bxc4 Nxc4 22. Qxc4 Nb6) 20. Kg2 $11 cxd4 21. Qxd4 Be5 22. Qg4 Qd6 {[%emt 0:00:45] Threatens to win with ...N5f6.} 23. Rad1 N5f6 24. Bb4 {[%emt 0:01:01] A strong pair of Bishops.} Qb6 {[%emt 0:00:20] Dancing on a razor blade.} 25. Qh4 (25. Qc4 $5) 25... g5 $2 (25... Bxb2 $11 {and Black is okay.} 26. Bd6 Be5) 26. Qxg5+ $18 Kh8 {[%emt 0:00:02] ...Rg8 is the strong threat.} 27. Qh4 Rg8+ 28. Kh1 (28. Ng3 $18) 28... Qb7 $14 29. Ng3 $2 ({Not} 29. Ng1 $2 Rxg1+ 30. Kxg1 Rg8+ $19) (29. Be4 $14 Qxb4 30. Rxd7) 29... Qxf3+ $17 30. Kh2 {[%emt 0:00:06] [#]} Rab8 {[%emt 0:01:51] Black is much more active.} ({Resist} 30... Bxb2 31. Bxh7 Nxh7 32. Rxd7 $14) (30... Rae8 $1 $17) 31. Rd2 $2 {[%emt 0:01:46][%mdl 8192] [#]} (31. Bc3 $11) 31... Rxb4 $1 $19 {[%emt 0:00:50][%mdl 576] Deflection} 32. Qxb4 (32. Be2 Qxf2+) 32... Bxg3+ {[%emt 0:00:31] Never resign too early! Excellently played by Chyzy!   Weighted Error Value: White=0.61/Black=0.34} (32... Nh5 $142 33. Qh4 Rxg3 34. fxg3 Bxg3+ 35. Qxg3 Qxg3+ 36. Kh1 Qxh3+ 37. Kg1 Qe3+ 38. Rdf2 Qxd3) 0-1

[Event "Polish Youth B18 Championship 2023"]
[Site "Jastrzebia Gora"]
[Date "2023.03.13"]
[Round "2.12"]
[White "Ochedzan, Tymon"]
[Black "Kossowski, Pawel"]
[Result "1-0"]
[ECO "B40"]
[WhiteElo "2240"]
[BlackElo "1766"]
[Annotator "TA"]
[PlyCount "65"]
[EventDate "2023.03.11"]
[EventType "swiss"]
[EventCountry "POL"]
[SourceTitle "playchess.com"]
[Source "ChessBase"]
[SourceQuality "1"]
[TimeControl "40/5400+30:1800+30"]

1. e4 c5 2. Nf3 e6 3. g3 d5 4. exd5 exd5 5. d4 Nc6 6. Bg2 Nf6 7. O-O Bg4 8. c3 cxd4 9. cxd4 Be7 10. Nc3 O-O 11. h3 {[%emt 0:04:02] D33: Tarrasch Defence: 6 g3 sidelines.} Bf5 {[%emt 0:08:19] [#]} 12. Re1 $146 ({Predecessor:} 12. Ne5 Be4 13. Nxe4 Nxe4 14. Be3 Rc8 15. Qb3 Na5 16. Qd3 f6 17. Nf3 Nc4 18. Nd2 Nxb2 {1-0 Safin,R (2259)-Hartikainen,J (2142) Titled Tuesday intern op 18th May blitz 2021 (9)}) 12... Ne4 13. Qb3 {[%emt 0:06:42] The position is equal.} Nxc3 14. bxc3 Na5 $1 15. Qa4 {[%emt 0:02:00][%cal Oe1e7] Rxe7! is the strong threat.} Be4 16. Nd2 Bxg2 17. Kxg2 {[%emt 0:00:06][%cal Oe1e7] Rxe7! would be deadly.} b6 18. Ba3 Re8 19. Bb4 Bxb4 20. cxb4 Nc4 21. Nf3 a6 22. Qc6 Rxe1 (22... Rf8 $11) 23. Rxe1 $14 a5 {[%emt 0:05:09] [#]} (23... g6 $14) 24. Re7 $3 $16 {[%emt 0:05:40][%mdl 576] aiming for Rd7. Deflection. White is much more active.} Rc8 (24... axb4 $16 25. Rd7 Qe8) (24... h6 25. Rd7) 25. Rd7 $18 Qe8 26. Qxd5 {[%emt 0:03:33] Threatens to win with Ng5.} h6 {[%emt 0:01:44] Wards off Ng5} 27. b5 Qf8 $2 (27... a4 28. Nh4 Qe6 29. Qxe6 fxe6) 28. a4 $2 (28. Nh4) 28... Qe8 29. h4 Qf8 30. h5 {[%emt 0:01:11] And now Nh4 would win.} Qe8 31. Nh4 Nb2 $2 (31... Qe6 32. Qxe6 fxe6) 32. Ng6 {[%emt 0:01:30] Black must now prevent Ne7+.} Rb8 33. Re7 {[%emt 0:00:18] Weighted Error Value: White=0.27 (precise) /Black=0.22 (precise)} 1-0

[Event "Polish Youth B18 Championship 2023"]
[Site "Jastrzebia Gora"]
[Date "2023.03.13"]
[Round "2.13"]
[White "Madajczak, Piotr"]
[Black "Kacprzak, Karol"]
[Result "1/2-1/2"]
[ECO "A25"]
[WhiteElo "1897"]
[BlackElo "2221"]
[Annotator "TA"]
[PlyCount "86"]
[EventDate "2023.03.11"]
[EventType "swiss"]
[EventCountry "POL"]
[SourceTitle "playchess.com"]
[Source "ChessBase"]
[SourceQuality "1"]
[TimeControl "40/5400+30:1800+30"]

1. c4 e5 2. Nc3 Nc6 3. g3 Bc5 4. Bg2 d6 5. e3 a6 6. Nge2 {[%emt 0:00:21] A25: English Opening vs King's Indian with ...Nc6 but without early d3.} Ba7 7. d3 h5 8. h4 {[%emt 0:00:59] White has an edge.} Bg4 {[%emt 0:11:54] [#]} 9. Rb1 $146 ({Predecessor:} 9. a3 Qd7 10. b4 Nge7 11. Bb2 Rb8 12. Rc1 O-O 13. Qd2 b5 14. Ne4 f6 15. O-O {1-0 Movsziszian,K (2485)-Karim,I (2361) Sitges op 43rd 2017 (5)}) 9... Nf6 10. b4 Qd7 11. Nd5 Nxd5 12. cxd5 Ne7 13. Qc2 c6 14. dxc6 bxc6 15. Nc3 O-O 16. O-O Bh3 17. Ne4 Bxg2 18. Kxg2 Nf5 19. Bd2 (19. Qe2 $14 {was preferrable.}) 19... Rfe8 20. Rbc1 d5 21. Ng5 f6 22. Nf3 e4 23. dxe4 dxe4 24. Nh2 Re6 25. Rfd1 Qf7 26. Qc4 Bb8 27. Qe2 (27. a4 $5 ) 27... Qg6 28. Kh1 $2 (28. Be1 $14 {stays ahead.}) 28... Bc7 $2 (28... Qxg3 $19 29. fxg3 Nxg3+ 30. Kg2 Nxe2) 29. Be1 $14 Ne7 30. Qc4 Qf5 31. Rd7 Nd5 32. Rxd5 {[%emt 0:01:02][%mdl 64] [#] Remove Defender} cxd5 (32... Qxd5 $16 {was worth a try.} 33. Qxd5 cxd5) 33. Qxc7 $18 Ree8 34. Qf4 ({White should try} 34. Qa5 $18) 34... Qxf4 $16 35. gxf4 Rac8 {[%emt 0:00:02] [#]} 36. Rc5 ({White should play} 36. Rd1 $1 $16) 36... Rxc5 $11 {[%emt 0:00:56] The position is equal.} 37. bxc5 {[%emt 0:00:02] Strongly threatening Bc3.} Rb8 $1 38. Bc3 Rb5 39. Bd4 {[%emt 0:00:20] Hoping for f5.} Ra5 40. c6 {[%emt 0:00:00] c7 would kill now.} Rxa2 {[%emt 0:00:00] White must now prevent ...Rc2.} 41. c7 Rc2 42. Bb6 {[%emt 0:00:23] Nf1 is the strong threat.} Kf7 43. Nf1 {[%emt 0:00:50] Threatens to win with f5.} f5 {Weighted Error Value: White=0.17 (very precise) /Black=0.16 (very precise)} (43... Rxf2 44. c8=Q (44. c8=R Rxf1+ 45. Kg2 Rb1 $18) 44... Kg6 45. Qe8+ {[%mdl 64] Deflection} Kh7 46. Ng3 Rb2 47. Qf7 Rxb6 48. Nxh5) 1/2-1/2

[Event "Polish Youth B18 Championship 2023"]
[Site "Jastrzebia Gora"]
[Date "2023.03.13"]
[Round "2.14"]
[White "Grzesik, Gracjan"]
[Black "Smetek, Michal"]
[Result "1-0"]
[ECO "B13"]
[WhiteElo "2149"]
[BlackElo "1787"]
[Annotator "TA"]
[PlyCount "101"]
[EventDate "2023.03.11"]
[EventType "swiss"]
[EventCountry "POL"]
[SourceTitle "playchess.com"]
[Source "ChessBase"]
[SourceQuality "1"]
[TimeControl "40/5400+30:1800+30"]

1. e4 c6 2. d4 d5 3. exd5 cxd5 4. Bd3 Nc6 5. c3 g6 6. Bf4 Bg7 7. h3 Nf6 8. Nf3 Bf5 9. Be2 {[%emt 0:07:17] B13: Caro-Kann: Exchange Variation and Panov-Botvinnik Attack.} O-O 10. O-O a6 11. Nbd2 {[%emt 0:03:51] White is slightly better.} Ne4 12. Re1 Nxd2 13. Qxd2 Re8 {[%emt 0:06:45] [#]} 14. Bh6 $146 ({Predecessor:} 14. g4 Bd7 15. Bf1 Na5 16. b3 Rc8 17. Ne5 Nc6 18. Bg2 Nxe5 19. Bxe5 e6 20. Bxg7 Kxg7 {½-½ Kaczur,F (2478)-Medvegy,Z (2533) HUN-ch qual 68th 2019 (1.1)}) 14... Be4 15. Nh2 b5 (15... Bxh6 $11 16. Qxh6 e5) 16. Bxg7 $16 Kxg7 {[%emt 0:00:09] [#]} 17. g4 $1 (17. Ng4 $6 f6 $14) ({Don't do} 17. a4 $6 b4 $14) 17... g5 18. Qxg5+ Kh8 19. Nf1 f6 20. Qh6 Bg6 21. f4 Rg8 22. Ng3 Be4 (22... Qd6 $16 23. Kg2 Be4+ 24. Nxe4 dxe4) 23. f5 $18 Rg5 24. h4 Rg7 25. Qf4 ({But not} 25. Nh5 $6 Rg8) 25... Qd7 26. Kf2 e5 $2 (26... Rf8 {is a better defense.} 27. Nxe4 dxe4 28. Qxe4 Qd6) 27. fxe6 Qxe6 28. Bf3 Ne5 29. dxe5 fxe5 30. Rxe4 dxe4 31. Qxe4 Rd8 32. Nf5 Rgd7 33. Re1 Rd2+ 34. Kg3 Re8 35. Qb7 Rg8 {[%emt 0:00:37] Inhibits Qg7+.} 36. Qe4 Re8 $1 37. Qb4 Rg8 38. Kh3 h5 39. Qe4 {[%emt 0:00:30] Wards off Rd3. aiming for g5.} Re8 $2 (39... hxg4+ 40. Bxg4 Qd5 41. Qxe5+ Qxe5 42. Rxe5 Rf8) 40. gxh5 Qb6 41. Re2 Rxe2 42. Bxe2 Qf6 43. Bd3 {[%emt 0:02:24][%cal Of5d6] Intending Nd6! and mate.} Qe6 {[%emt 0:04:38] Inhibits .} 44. Qb7 Qf6 {[%emt 0:03:08] Repels Qg7+} 45. Be4 Rd8 46. h6 Rg8 47. Qc7 Qe6 {[%emt 0:07:08] [#]} 48. Qg7+ $3 Rxg7 49. hxg7+ Kh7 {[%emt 0:00:42] [#]} 50. g8=Q+ $1 Kxg8 {[%emt 0:01:29] [#]} 51. Bd5 $1 {[%emt 0:00:07][%mdl 576] Decoy. Beautiful play by Grzesik!   Weighted Error Value: White=0.52/Black=0.35} 1-0

[Event "Polish Youth B18 Championship 2023"]
[Site "Jastrzebia Gora"]
[Date "2023.03.13"]
[Round "2.15"]
[White "Paprocki, Antoni"]
[Black "Kotowicz, Kamil"]
[Result "0-1"]
[ECO "A40"]
[WhiteElo "2255"]
[BlackElo "1828"]
[Annotator "TA"]
[PlyCount "62"]
[EventDate "2023.03.11"]
[EventType "swiss"]
[EventCountry "POL"]
[SourceTitle "playchess.com"]
[Source "ChessBase"]
[SourceQuality "1"]
[TimeControl "40/5400+30:1800+30"]

1. d4 Nf6 2. c4 e6 3. g3 Bb4+ 4. Nd2 c5 5. a3 Bxd2+ 6. Qxd2 cxd4 7. Nf3 Nc6 8. Nxd4 {E00: Catalan Bogo-Indian (3 g3 Bb4+).} O-O 9. Bg2 d5 {[#]} 10. b4 $146 {White has an edge.} ({Predecessor:} 10. O-O Qb6 11. Rd1 Bd7 12. cxd5 exd5 13. b3 Rfe8 14. Bb2 Ne4 15. Qf4 Nxd4 16. Bxd4 Qxb3 {1-0 Gareyev,T (2573)-Thavandiran,S (2420) Titled Tuesday intern op 01st Mar Late blitz 2022 (9)}) 10... Ne5 11. cxd5 exd5 12. O-O Re8 13. Qc2 Be6 (13... Ne4 $11) 14. Bg5 Rc8 15. Qb3 (15. Qa4 $5 ) 15... h6 16. Bxf6 Qxf6 17. Rac1 (17. Bxd5 $2 Bxd5 18. Qxd5 Rcd8 19. Qxb7 Rxd4 $19) 17... a6 18. e3 (18. Bxd5 $2 Bxd5 19. Qxd5 Rcd8 20. Qxb7 Rxd4 $19) 18... Rc4 19. Rcd1 Rec8 20. f4 $2 {[#] Now White is beyond hope.} (20. Qa2 $11 {and White stays safe.}) 20... Ng4 $1 $19 {Strongly threatening ...Rc3.} 21. f5 Bd7 {White must now prevent ...Rc3.} 22. Ne2 {Inhibits Rc3.} (22. Bxd5 Rc3 23. Bxf7+ Qxf7 24. Qxf7+ Kxf7 $19) 22... Rc2 ({And not} 22... Bxf5 23. Bxd5 (23. Rxd5 g6 $15) 23... Bc2 24. Qxc4 (24. Qa2 Qe5 $17) 24... Rxc4 25. Rxf6 Nxf6 26. Bxc4 $11) 23. Nd4 (23. Nf4) 23... R2c3 24. Qxd5 Ba4 25. Ne2 Bxd1 26. Nxc3 Qxc3 ({Stronger than} 26... Rxc3 27. Rxd1 b5 28. Qd8+ Qxd8 29. Rxd8+ Kh7 30. Bf3 $11) 27. Rxd1 Qxe3+ {Black mates.} 28. Kh1 Nf2+ (28... Qxa3 $2 {perishes.} 29. Qd2 $19) 29. Kg1 Nh3+ {[%mdl 64] Discovered Attack (Double check)} 30. Kh1 {[#]} Qg1+ $3 31. Rxg1 Nf2# {Beautiful play by Kotowicz!   Weighted Error Value: White=0.65/Black=0.10 (very precise)} 0-1

[Event "Polish Youth B18 Championship 2023"]
[Site "Jastrzebia Gora"]
[Date "2023.03.13"]
[Round "2.16"]
[White "Wesolek, Krzysztof"]
[Black "Malik, Maciej"]
[Result "0-1"]
[ECO "B40"]
[WhiteElo "1765"]
[BlackElo "2163"]
[Annotator "TA"]
[PlyCount "121"]
[EventDate "2023.03.11"]
[EventType "swiss"]
[EventCountry "POL"]
[SourceTitle "playchess.com"]
[Source "ChessBase"]
[SourceQuality "1"]
[TimeControl "40/5400+30:1800+30"]

1. e4 c5 2. Nf3 e6 3. d4 cxd4 4. c3 d3 5. Bxd3 Nc6 6. Be3 {[%emt 0:01:37] B40: Sicilian: 2...e6, Unusual lines.} (6. O-O $16) 6... Nf6 $11 7. h3 Qc7 8. Nbd2 {[%emt 0:05:29] White has an edge.} Be7 9. Qe2 d6 10. O-O {[%emt 0:01:00] [#]} O-O $146 ({Predecessor:} 10... d5 11. Rac1 O-O 12. Rfd1 Rd8 13. Nd4 Bd7 14. Nxc6 Bxc6 15. exd5 Bxd5 16. c4 Bc6 {0-1 Buendia Pacheco,R-Patino Garcia,C (1830) Pan American-ch U16 Girls 2014 (1)}) 11. Rad1 a6 12. Bb1 d5 (12... b5 $11 {remains equal.}) 13. exd5 Nxd5 14. Qd3 f5 15. Rfe1 b5 16. Nb3 Nd8 17. Nbd4 {[%emt 0:01:33][%cal Od4f5] Strongly threatening Nxf5!} Nxe3 18. Rxe3 Bc5 19. Rde1 Bd6 20. Ne5 (20. a3 $142) 20... Bb7 {[%emt 0:00:20] [#]} 21. Ndf3 {[%emt 0:02:23] Excellent horsemanship.} ({White should try} 21. Bc2 $1 $16) 21... Bd5 22. Rd1 (22. Qd1 $11) 22... Nb7 $15 23. g4 {[%emt 0:01:46] White is on the road to losing.} (23. Rde1 $15) 23... Nc5 $36 {[%emt 0:01:16][%mdl 2048] Black is in control.} 24. Qd2 {[%emt 0:00:01] [#]} (24. Qe2 $17) 24... Ne4 $1 $19 25. Qd4 (25. Qe1 Bxe5 26. Nxe5) 25... Bc5 26. Qd3 Bxe3 (26... Rad8 $142 {[%cal Oe4f2] Threatens to win with ...Nxf2!} 27. Qe2 Nxf2 28. Qxf2 f4 {[%mdl 64] Pin}) 27. Qxe3 Rad8 28. gxf5 exf5 {[%emt 0:00:09] White must now prevent ...Rfe8.} 29. Qf4 $2 (29. a3 {was called for.}) 29... Bb7 30. Rxd8 Qxd8 (30... Rxd8 $2 {too greedy.} 31. Bc2 $19) 31. Bc2 {[%emt 0:00:11] Prevents Qd1+} Bd5 32. a3 Qf6 33. Nd7 Qg6+ 34. Kh2 Rd8 35. Nde5 Qf6 36. Nd4 g6 {[%emt 0:01:05][%cal Oe4f2] ...Nxf2! is the strong threat.} 37. Bxe4 Bxe4 38. f3 Bd5 {[%emt 0:00:48] aiming for ...Re8.} 39. Ng4 Qd6 (39... fxg4 $2 40. Qxf6 Rf8 41. Qd6 $18) 40. Qxd6 Rxd6 {[%emt 0:00:00][%mdl 4096] Endgame KRB-KNN} 41. Ne5 Kg7 42. Kg3 Kf6 43. Nd3 Bb7 44. Nc5 Bc8 45. f4 Rd5 46. Nd3 Rd8 47. Nc5 Re8 48. Kf3 {[%emt 0:02:09] Dodges Re3+} (48. Kf2 $142) 48... Re1 49. a4 bxa4 50. Nxa4 Bb7+ 51. Kf2 Ra1 52. b3 Ke7 53. Nc5 Bc8 54. c4 Kd6 55. Nd3 Rh1 56. Ne5 Rh2+ 57. Kg3 Rh1 ({Better is} 57... Rd2 $19 58. Ndc6 Bb7) 58. b4 $2 (58. Kf2 $1 $11 {and White stays safe.} Rh2+ 59. Ke3) 58... Rb1 {[%emt 0:01:07] Black is clearly winning.} 59. b5 a5 60. Nd3 Rd1 61. c5+ {[%emt 0:00:10] Weighted Error Value: White=0.62/Black=0.34} 0-1

[Event "Polish Youth B18 Championship 2023"]
[Site "Jastrzebia Gora"]
[Date "2023.03.13"]
[Round "2.17"]
[White "Kolodziejski, Piotr"]
[Black "Pieczulis, Blazej"]
[Result "0-1"]
[ECO "B10"]
[WhiteElo "2118"]
[BlackElo "1784"]
[Annotator "TA"]
[PlyCount "52"]
[EventDate "2023.03.11"]
[EventType "swiss"]
[EventCountry "POL"]
[SourceTitle "playchess.com"]
[Source "ChessBase"]
[SourceQuality "1"]
[TimeControl "40/5400+30:1800+30"]

1. e4 c6 2. d3 d5 3. Nf3 Bg4 4. h3 Bxf3 5. Qxf3 e6 6. Be2 {[%emt 0:04:37] B10: Caro-Kann: 2 d3 and 2 c4.} Nd7 7. O-O g6 8. c3 {[%emt 0:06:34] White is slightly better.} Bg7 9. Nd2 Ne7 {[%emt 0:03:27] [#]} 10. Re1 $146 ({Predecessor:} 10. d4 Qc7 11. Nb3 O-O 12. exd5 cxd5 13. Bf4 Qb6 14. Bd3 a5 15. Qe2 a4 16. Nc1 Rfc8 17. a3 Nc6 {½-½ Hennings,A (2415)-Boehnisch,M (2335) Baukombinat Leipzig 1984 (1)}) 10... Qc7 11. Nf1 O-O 12. h4 f5 13. exf5 Nxf5 14. Qh3 Rae8 15. Ne3 ({White should play} 15. h5 $11) 15... d4 $15 16. cxd4 Bxd4 (16... Nxd4 {looks sharper.} 17. Bd1 Nc5 18. Nc2 Rd8) 17. Bd1 Ne5 {[%emt 0:08:30] Excellent horsemanship.} 18. Bc2 ({White should try} 18. Nxf5 exf5 19. Be3) 18... h5 19. Re2 Kh7 {[%emt 0:05:31] Black has more active pieces.} 20. Rb1 {[%emt 0:02:27] [#]} Qd8 $1 21. Nxf5 Rxf5 ({Weaker is} 21... exf5 22. Bg5 Ng4 23. Bxd8 $19) 22. Be3 Ng4 {[%emt 0:00:22] Hoping for ...Ref8.} 23. Qg3 Ref8 24. Bb3 $2 (24. Bxd4 {nothing else works.} Qxd4 25. Rf1) 24... Bxe3 (24... Rxf2 $142 25. Bxf2 Rxf2 26. Rxf2 Bxf2+ 27. Qxf2 Nxf2 28. Kxf2 Qxh4+ 29. Kf3 Qg4+ 30. Kf2 Qf4+ 31. Kg1 Qd4+ 32. Kh1 Kh6) 25. fxe3 $19 Qxd3 26. Rbe1 {[%emt 0:00:19] [#]} (26. Ree1 $19 R5f6 27. Rbc1) 26... Qxe2 $3 {[%emt 0:00:16][%mdl 576] Deflection, Back Rank.   Weighted Error Value: White=0.63/Black=0.35} 0-1

[Event "Polish Youth B18 Championship 2023"]
[Site "Jastrzebia Gora"]
[Date "2023.03.13"]
[Round "2.18"]
[White "Bem, Tymoteusz"]
[Black "Stachecki, Mikolaj"]
[Result "0-1"]
[ECO "E81"]
[WhiteElo "1748"]
[BlackElo "2015"]
[Annotator "TA"]
[PlyCount "72"]
[EventDate "2023.03.11"]
[EventType "swiss"]
[EventCountry "POL"]
[SourceTitle "playchess.com"]
[Source "ChessBase"]
[SourceQuality "1"]
[TimeControl "40/5400+30:1800+30"]

1. d4 Nf6 2. c4 g6 3. Nc3 Bg7 4. e4 d6 5. f3 O-O 6. Be3 a6 7. Qd2 Nbd7 8. Nh3 c5 9. d5 {[%emt 0:00:32] [#] The main line 9.d5 scores better than 9.Nf2.} (9. dxc5 $14 Nxc5 10. Nf2) 9... b5 $1 $11 {[%emt 0:01:23] E81: King's Indian: Sämisch: 6th move deviations (including 6 Be3 c6).} 10. cxb5 Qa5 11. Nf2 Nb6 {[%emt 0:01:37] The position is equal.} 12. Be2 Nfd7 13. Bh6 Bxh6 14. Qxh6 Na4 {[%emt 0:00:16] [#]} 15. Rc1 $146 ({Predecessor:} 15. Qd2 Nxc3 16. b6 Nxb6 17. Qxc3 Qxc3+ 18. bxc3 Bd7 19. c4 Rfb8 20. Kd2 Rb7 21. Rab1 {0-1 Bhambure,S (2291)-Fedorov,A (2551) Romanian op Alba Iulia 2019 (1)}) 15... axb5 16. h4 Nxc3 (16... Nxb2 17. Bxb5 Qb4 18. Bxd7 $16) 17. bxc3 Rd8 $2 (17... f6 $15 {keeps the upper hand.}) 18. h5 $16 {[%emt 0:18:22] Strongly threatening hxg6.} Nf8 (18... Nf6 19. hxg6 fxg6 20. Bd3) 19. f4 {[%emt 0:02:24][%cal Bf3f4,Bf4f5][%mdl 32] Threatens to win with hxg6.} b4 {[%emt 0:10:12] [#]} 20. f5 $1 bxc3 21. Ng4 (21. Rc2 $16 Qb4 22. hxg6 fxg6 23. fxg6) 21... Qxa2 $2 (21... gxf5 22. Qg5+ Kh8 23. Nh6 (23. exf5 Nd7 $17) 23... c2+ 24. Kf2 Ng6 25. Nxf7+ Kg7 26. hxg6) (21... c2+ $11 {and Black is okay.} 22. Kf1 Qc3) 22. Rd1 $1 $18 {[%emt 0:05:01] hxg6 is the strong threat.} (22. Rxc3 Qb2 23. Qe3 Ra1+ 24. Bd1 Qxg2 $17) (22. hxg6 fxg6 23. Rd1 c2 $17) 22... c2 $2 (22... gxf5 23. Qg5+ Kh8 24. Nh6 (24. exf5 $2 Nd7 $19) 24... Ng6 25. Nxf7+ Kg8 26. hxg6) (22... Qb2) 23. Rc1 $2 {[%emt 0:00:12] [#]} (23. f6 $1 $18 cxd1=Q+ 24. Bxd1 Qa5+ 25. Kf1 Ba6+ 26. Kf2 exf6 27. Nxf6+ Kh8 28. hxg6 Qd2+ 29. Qxd2) 23... Qb2 {[%emt 0:01:47] Against Qg7+} (23... gxf5 24. Qg5+ Kh8 25. Nh6 (25. exf5 Qb2 $17) 25... Qa5+ 26. Kf2 Ng6 27. Nxf7+ Kg7 28. hxg6) ({Black should play} 23... Qa5+ $1 $17 24. Kf2 Qc3) 24. hxg6 (24. O-O $1 $11 Qd4+ 25. Kh1) 24... fxg6 25. Qg5 $2 {[%emt 0:03:15] [#]} (25. O-O $17 {was the only chance.} gxf5 26. exf5) 25... Ra1 (25... Qb4+ $1 $19 26. Qd2 Kg7 27. fxg6 Nxg6) 26. Kf2 $17 Qd4+ 27. Kg3 $1 Rxc1 (27... Ra3+ $6 28. Kh2 Ra7 29. Rxc2 $15 (29. Nh6+ $2 Kg7 $19)) 28. Rxc1 Re8 (28... Qxe4 $2 29. Bf3 Qd4 30. Qxe7 Bxf5 31. Nh6+ (31. Qxd8 Bxg4 {[%mdl 64] Remove Defender} 32. Bxg4 Qe3+ 33. Kh4 Qh6+ 34. Kg3 Qe3+ 35. Kh4 Qh6+ 36. Kg3 Qe3+ $11) 31... Kh8 32. Nf7+ (32. Qxd8 Qe5+ 33. Kf2 Qd4+ 34. Kg3 Qe5+ 35. Kf2 Qd4+ 36. Kg3 $11) 32... Kg8 33. Nxd8 Qe5+ 34. Qxe5 dxe5 35. Nb7 $18) (28... Qc3+ $17 29. Kh2 Qg7) 29. Bf3 (29. Bb5 $1 $11 Bd7 30. fxg6 Qc3+ 31. Kh2 Bxb5 32. Rxc2) 29... h5 (29... Qb2 $17 30. Kh2 Kh8) 30. Nh6+ (30. Ne3 $1 $15) 30... Kg7 $19 31. Bxh5 $2 (31. Rxc2 $2 {perishes.} Qf6 32. Qxf6+ (32. Qf4 $2 g5 $19) 32... exf6 $19) (31. fxg6 h4+ 32. Kxh4) 31... Qf6 {[%emt 0:00:24][%mdl 64] Deflection. Black is clearly winning.} ({Weaker is} 31... Qxe4 32. Bxg6 Qe5+ 33. Kg4 $18) 32. Qe3 (32. Qxf6+ $142 exf6 33. Ng4 gxh5 34. Nf2) 32... gxh5 33. Rh1 Qxh6 34. Qc3+ Kf7 {[%emt 0:00:57] ...Nd7 would be deadly.} 35. Qxc2 Qe3+ 36. Kh2 Nd7 {[%emt 0:00:18] Quite a comeback for Black. Artfully played by Stachecki.   Weighted Error Value: White=1.30/Black=0.45} 0-1